 Dungeon Crawl Stone Soup version 0.22.0-49-gab54619674 (webtiles) character file.

1479 Morbidden the Fighter (level 9, -1/123 HPs)
             Began as a Formicid Fighter on Sept 2, 2018.
             Was a Follower of Cheibriados.
             Slain by a redback (11 damage)
             ... summoned by a deep elf mage
             ... on level 6 of the Dungeon.
             The game lasted 00:19:25 (7584 turns).

Morbidden the Fighter (Formicid Fighter)            Turns: 7584, Time: 00:19:26

Health: -1/123     AC:  8    Str: 31    XL:     9   Next: 6%
Magic:  19/19      EV:  2    Int: 10    God:    Cheibriados [*.....]
Gold:   380        SH: 11    Dex: 12    Spells: 8/8 levels left

rFire    . . .     SeeInvis .   a - +0 war axe
rCold    . . .     Gourm    .   c - +0 shield
rNeg     + + +     Faith    .   (armour currently unavailable)
rPois    +         Spirit   .   (helmet unavailable)
rElec    .         Reflect  .   (cloak currently unavailable)
rCorr    .         Harm     .   (gloves currently unavailable)
MR       +....                  (boots currently unavailable)
Stlth    +.........             (no amulet)
HPRegen  0.30/turn              e - ring of magical power
MPRegen  0.16/turn              b - ring of protection from magic

@: mighty, lethally poisoned (-1 -> -29), tree-form, corroded, drained, very
slow
A: permanent stasis, dig shafts and tunnels, four strong arms
a: Bend Time, Renounce Religion


You were on level 6 of the Dungeon.
You worshipped Cheibriados.
Cheibriados was aware of your devotion.
You were not hungry.
You were a tree.
You visited 2 branches of the dungeon, and saw 7 of its levels.
You also visited: Sewer.

You collected 380 gold pieces.

Inventory:

Hand Weapons
 a - a +0 war axe (weapon)
Armour
 c - a +0 shield (worn)
 q - a +0 pair of boots (melded)
 u - a +0 chain mail (melded)
 y - a +0 pair of gloves (melded)
 C - a +0 cloak (melded)
Jewellery
 b - a ring of protection from magic (right branch)
 e - a ring of magical power (left branch)
 i - an uncursed ring of ice
 G - an uncursed ring of magical power
Scrolls
 d - a scroll of noise {unknown}
 h - a scroll of immolation {unknown}
 j - 2 scrolls of amnesia
 m - 2 scrolls of enchant armour {unknown}
 n - a scroll of fog {unknown}
 o - 5 scrolls of remove curse
 r - 5 scrolls of teleportation {unknown}
 s - a scroll of blinking {unknown}
 x - 4 scrolls of identify
 A - a scroll of fear {unknown}
 B - a scroll of holy word {unknown}
 E - 2 scrolls of random uselessness {unknown}
 F - a scroll of enchant weapon {unknown}
Potions
 g - a potion of agility
 k - 4 potions of ambrosia
 l - 2 potions of resistance
 t - a potion of curing
 w - a potion of magic
 z - a potion of flight
Comestibles
 f - 6 rations


   Skills:
 + Level 12.0(11.6) Fighting
 * Level 6.4(6.1) Axes
 + Level 4.6(4.3) Armour
 + Level 1.4(1.1) Dodging
 + Level 4.8(4.5) Shields
 * Level 1.5(1.2) Invocations


You had 8 spell levels left.
You didn't know any spells.
Your spell library was empty.

Dungeon Overview and Level Annotations

Branches:
Dungeon (6/15)             Temple (1/1) D:6

Altars:
Cheibriados
Elyvilon
Fedhas
Gozag
Hepliaklqana
Kikubaaqudgha
Makhleb
Nemelex Xobeh
Okawaru
Qazlal
Trog
Uskayaw
Vehumet
Wu Jian
Xom
Zin
The Shining One


Innate Abilities, Weirdness & Mutations

You cannot be hasted, slowed, berserked, paralysed or teleported.
You can dig through walls and to a lower floor.
Your four strong arms can wield two-handed weapons with a shield.
((You have a pair of large antennae on your head. (SInv)))


Message History

The redback bites you but does no damage.
The orange demon stings you from afar!
* * * LOW HITPOINT WARNING * * *
You block the rust devil's attack.
Unknown command.
Number of times to repeat, then command key: You must enter the number of times for the command to repeat.
Unknown command.
Unknown command.
You hit the rust devil.
The rust devil is moderately wounded.
You closely miss the redback. You hit the redback.
* * * LOW HITPOINT WARNING * * *
You feel very sick.
The redback bites you but does no damage.
The redback bites you!
* * * LOW HITPOINT WARNING * * *
You block the orange demon's attack. The rust devil barely misses you.
You block the redback's attack. The redback bites you!
You die...

#.# #.>.........#####..#
#.####.###..............#
.....#.#...#..8...8..#..#
##.#.#.#...#..#...#..#..#
#...#.#...#..#...# #.##
##..#.#...#..#...# #.#
#..#.#...#..#...# #.#
##.#.#...#..#...#
#.#######.#
#.#...{.#..#'♣s#
#.........# #.....#.#


+4es+ #..######## #.....#.# +44.+ #..# #....b..# +P.:+ #..#
#.#b....###########.## ####.#>b.#.............## .....##..########.###...##
#######..# #........# #..# #####..>.# You could see an orange demon, a rust
devil, a deep elf mage, a chaos spawn and 2 redbacks.

Vanquished Creatures
  A phantom (D:4)
  An ogre (D:4)
  3 centaurs
  A scorpion (D:4)
  5 electric eels (D:6)
  A howler monkey (D:5)
  A crimson imp (D:5)
  3 hounds
  A centaur skeleton (D:5)
  3 orc wizards
  Ijyb (D:3)
  2 iguanas
  Natasha (D:3)
  5 worker ants
  Robin (D:3)
  7 adders
  5 oozes (Sewer)
  An adder zombie (D:6)
  An adder skeleton (D:6)
  11 worms
  3 dart slugs (D:3)
  7 leopard geckos
  20 orcs
  4 ball pythons
  A giant cockroach (D:2)
  13 goblins
  12 hobgoblins
  20 jackals
  4 quokkas
  20 bats
  11 frilled lizards
  A jackal skeleton (D:4)
  9 kobolds
  A leopard gecko zombie (D:2)
  8 rats
189 creatures vanquished.

Notes
Turn   | Place    | Note
-------+----------+-------------------------------------------
     0 | D:1      | Morbidden the Formicid Fighter began the quest for the Orb.
     0 | D:1      | Reached XP level 1. HP: 18/18 MP: 1/1
   111 | D:1      | Reached XP level 2. HP: 22/24 MP: 2/2
   413 | D:1      | Reached XP level 3. HP: 12/29 MP: 3/3
   856 | D:1      | You fall through a shaft!
   918 | D:2      | Reached skill level 11 in Fighting
   918 | D:2      | Reached XP level 4. HP: 12/51 MP: 4/4
  1829 | D:2      | Found a shimmering altar of Xom.
  1829 | D:2      | Found a glowing golden altar of the Shining One.
  1829 | D:2      | Found a hazy altar of Hepliaklqana.
  1885 | D:2      | Noticed a centaur
  1892 | D:2      | Killed a centaur
  1892 | D:2      | Reached XP level 5. HP: 36/57 MP: 5/5
  2179 | D:3      | Reached XP level 6. HP: 63/64 MP: 6/6
  2639 | D:3      | Noticed Natasha
  2639 | D:3      | Noticed Robin
  2649 | D:3      | Killed Natasha
  2650 | D:3      | Killed Robin
  2811 | D:3      | Noticed Ijyb
  2823 | D:3      | Killed Ijyb
  3337 | D:4      | Noticed a phantom
  3354 | D:4      | Noticed an ogre
  3365 | D:4      | Killed an ogre
  3365 | D:4      | Reached XP level 7. HP: 39/69 MP: 7/7
  3380 | D:4      | Reached skill level 1 in Dodging
  3906 | D:4      | Reached skill level 12 in Fighting
  3980 | D:5      | Entered Level 5 of the Dungeon
  3997 | D:5      | Reached XP level 8. HP: 76/76 MP: 8/8
  4086 | D:5      | Found a glowing drain.
  4123 | Sewer    | Entered a sewer
  4506 | Sewer    | Reached skill level 5 in Axes
  5428 | D:6      | Found a staircase to the Ecumenical Temple.
  5468 | Temple   | Entered the Ecumenical Temple
  5479 | Temple   | Became a worshipper of Cheibriados the Contemplative
  5613 | D:6      | Found a sparkling altar of Nemelex Xobeh.
  5863 | D:6      | Reached skill level 1 in Invocations
  6047 | D:6      | Reached * piety under Cheibriados
  6707 | D:6      | Reached XP level 9. HP: 67/82 MP: 10/10
  7574 | D:6      | Noticed a deep elf mage
  7575 | D:6      | Noticed a rust devil
  7580 | D:6      | Noticed an orange demon
  7584 | D:6      | Slain by a redback

Skill      XL: |  1  2  3  4  5  6  7  8 |
---------------+-------------------------+-----
Fighting       | 11 12 | 12.0
Axes           | 3 4 6 |  6.4
Shields        | 4 |  4.8
Armour         | 4 |  4.6
Dodging        | 1 |  1.4
Invocations    | 1 |  1.5

Action                   |  1- 3 |  4- 6 |  7- 9 || total
-------------------------+-------+-------+-------++-------
Melee: War axe           |    86 |   227 |   318 ||   631
  Use: Scroll            |     1 |     5 |     3 ||     9
       Potion            |     2 |     4 |     9 ||    15
  Eat: Chunk             |       |     7 |     8 ||    15
       Ration            |       |     1 |     1 ||     2
Armor: Scale mail        |    42 |    86 |       ||   128
       Chain mail        |       |    17 |   189 ||   206
       Skin              |       |       |    10 ||    10
Dodge: Dodged            |    44 |    67 |    87 ||   198
Block: Shield            |    51 |   111 |   181 ||   343
